 Dungeon Crawl Stone Soup version 0.30-a0-56-ge6a4009bfd (webtiles) character file.

Game seed: 13700667045194788356

88 Newt the Trooper (level 4, -1/37 HPs)
             Began as a Demonspawn Gladiator on Sept 10, 2022.
             Slain by Crazy Yiuf
             ... wielding a +3 quarterstaff of chaos
              (11 damage)
             ... on level 2 of the Dungeon.
             The game lasted 00:02:05 (2571 turns).

Newt the Trooper (Demonspawn Gladiator)             Turns: 2571, Time: 00:02:06

Health: -1/37      AC:  3    Str: 16    XL:     4   Next: 29%
Magic:  4/4        EV: 12    Int: 10    God:
Gold:   34         SH:  0    Dex: 14    Spells: 3/3 levels left

rFire   . . .      SeeInvis .    a - +0 rapier
rCold   . . .      Faith    .    (no shield)
rNeg    . . .      Spirit   .    b - +0 leather armour
rPois   .          Reflect  .    (helmet restricted)
rElec   .          Harm     .    (no cloak)
rCorr   .          Rampage  .    (no gloves)
Will    .....                    (no boots)
Stlth   ++........               (no amulet)
HPRegen 0.12/turn                (no ring)
MPRegen 0.09/turn                (no ring)

@: invisible
A: horns 1, ignite blood 1, powered by death 1
a: no special abilities


You were on level 2 of the Dungeon.
You visited 1 branch of the dungeon, and saw 2 of its levels.

You collected 34 gold pieces.

Inventory:

Hand Weapons
 a - a +0 rapier (weapon)
Missiles
 d - a throwing net (quivered)
 e - a javelin
Armour
 b - a +0 leather armour (worn)
 c - a +0 helmet
Jewellery
 g - a +6 ring of dexterity
Scrolls
 f - 3 scrolls of identify {unknown}
 h - a scroll of enchant weapon {unknown}
 j - 2 scrolls of teleportation {unknown}
Potions
 i - a potion of might {unknown}
 k - a potion of heal wounds {unknown}
 l - a potion of resistance {unknown}


   Skills:
 - Level 4.0 Fighting
 - Level 2.6 Short Blades
 - Level 1.7 Throwing
 + Level 2.7 Dodging
 - Level 2.0 Stealth


You had 3 spell levels left.
You didn't know any spells.
Your spell library contained the following spells:

 Spells                   Type           Power      Damage    Failure   Level
 Blink                    Tloc           0%         N/A       56%         2
 Lesser Beckoning         Tloc           0%         N/A       80%         3
 Manifold Assault         Tloc           0%         N/A       100%        5


Dungeon Overview and Level Annotations

Branches:
Dungeon (2/15)

Altars:

Annotations:
D:2 Crazy Yiuf


Innate Abilities, Weirdness & Mutations

You have a pair of small horns on your head.
Your demonic aura sometimes causes spilled blood to erupt in flames.
You regenerate a little health from kills.


Message History

An adder comes into view.
An adder is nearby!
An adder is nearby!
An adder is nearby!
The adder bites you but does no damage.
You miss the adder. You headbutt the adder.
The adder is lightly wounded.
The adder bites you but does no damage.
You hit the adder.
The adder is severely wounded.
The adder bites you.
You closely miss the adder.
The adder is heavily wounded.
The adder barely misses you. The adder bites you.
You barely miss the adder. You headbutt the adder.
You kill the adder!
Training target 4.0 for Fighting reached!
Your Fighting skill increases to level 4!
You need to enable at least one skill for training.
Could not explore, unopened runed door.
Could not explore, unopened runed door.
Could not explore, unopened runed door.
Could not explore, unopened runed door.
You open the door.
Throw: 3 throwing nets
Press: ? - help, Shift-Dir - straight line, f - Crazy Yiuf
Aim: Crazy Yiuf, wielding a +3 quarterstaff of chaos and wearing a +0 cloak (64% to hit)
You throw a throwing net.
The throwing net closely misses Crazy Yiuf.
Crazy Yiuf hits you with a +3 quarterstaff of chaos!
You fade into invisibility!
Throw: 2 throwing nets
Press: ? - help, Shift-Dir - straight line, f/p - Crazy Yiuf
Aim: Crazy Yiuf, wielding a +3 quarterstaff of chaos and wearing a +0 cloak (unable to see you, 64% to hit)
You throw a throwing net.
The throwing net closely misses Crazy Yiuf.
Crazy Yiuf hits you with a +3 quarterstaff of chaos!
* * * LOW HITPOINT WARNING * * *
You are electrocuted!
You die...

##.#...............†.....###..
#.....[############...#......
##.....# ##...###.... ###...#
##### #..#.......# ####..#
#.()# #..#.#...#.. ###.<...#
#...# #.........). ###.......#
... #..#..##.... ##...#.....#
#g# #.........## ....##.....#
##@# #.......>.# ....##.....#
#.## #.........# ....##.....#
##.# #.........# ....##.....#
#.## #.........# ......##...#
##.## #.........##
....#......# #...##
##.........# ....####...#
#....# ##.......... #####
#...# #....# #.<.........
####...###....####.######....


You could see Crazy Yiuf (unable to see you).

Vanquished Creatures
  5 adders (D:2)
  A dart slug (D:1)
  4 ball pythons (D:1)
  4 giant cockroaches
  4 goblins (D:1)
  4 hobgoblins
  7 kobolds
  3 quokkas (D:1)
  5 bats
  2 frilled lizards (D:1)
  2 rats (D:2)
41 creatures vanquished.

Notes
Turn   | Place    | Note
-------+----------+-------------------------------------------
     0 | D:1      | Newt the Demonspawn Gladiator began the quest for the Orb.
     0 | D:1      | Reached XP level 1. HP: 16/16 MP: 1/1
   142 | D:1      | Reached skill level 1 in Stealth
   384 | D:1      | Gained mutation: You have a pair of small horns on your
                  | head. [demonic ancestry]
   384 | D:1      | Reached XP level 2. HP: 21/22 MP: 2/2
  1177 | D:1      | Found a faded altar of an unknown god.
  1595 | D:1      | Gained mutation: Your demonic aura sometimes causes spilled
                  | blood to erupt in flames. [demonic ancestry]
  1595 | D:1      | Reached XP level 3. HP: 22/28 MP: 3/3
  1947 | D:2      | Reached skill level 3 in Fighting
  2382 | D:2      | Gained mutation: You regenerate a little health from kills.
                  | [demonic ancestry]
  2382 | D:2      | Reached XP level 4. HP: 37/37 MP: 4/4
  2472 | D:2      | Found a runed translucent door.
  2473 | D:2      | Noticed Crazy Yiuf
  2504 | D:2      | Reached skill level 4 in Fighting
  2571 | D:2      | Slain by Crazy Yiuf

Illustrated notes

Levels and vault maps discovered:
D:1:      dpeg_arrival_connections, layout_loops_corners,
          shapermc_ecumenical_altar_totnotflames
D:2:      layout_rooms, uniq_crazy_yiuf_cottage

Skill      XL: |  1  2  3  4 |
---------------+-------------+-----
Stealth        | 1 2 |  2.0
Fighting       | 3 4 |  4.0
Short Blades   | |  2.6
Throwing       | |  1.7
Dodging        | |  2.7

Action                   |  1- 3 |  4- 6 || total
-------------------------+-------+-------++-------
Melee: Rapier            |   120 |    16 ||   136
       Headbutt          |     7 |     3 ||    10
       Punch             |     2 |       ||     2
Throw: Throwing net      |       |     2 ||     2
 Stab: Sleeping          |     5 |       ||     5
Armor: Leather armour    |    30 |     8 ||    38
Dodge: Dodged            |    84 |    17 ||   101

Table legend: (Time is in decaauts)
 A = Elapsed time spent in this place.
 B = Non-inter-level travel time spent in this place.
 C = Inter-level travel time spent in this place.
 D = Time resting spent in this place.
 E = Time spent auto-exploring this place.
 F = Levels seen in this place.
 G = Mean time per level.
                   A        B        C        D        E       F      G
               +--------+--------+--------+--------+--------+-----+--------+
         Total |   2580 |   2558 |     22 |    651 |   1602 |   2 | 1290.0 |
       Dungeon |   2580 |   2558 |     22 |    651 |   1602 |   2 | 1290.0 |
               +--------+--------+--------+--------+--------+-----+--------+

Top non-repeatable levels by time:
     D:1: 1932 daAuts
     D:2: 648 daAuts
